 Dungeon Crawl Stone Soup version 0.24.1 (webtiles) character file.

Game seed: 544114746763361129, levelgen mode: deterministic

123 Peloso the Shield-Bearer (level 4, 40/40 HPs)
             Began as a Minotaur Fighter on Mar 25, 2020.
             Got out of the dungeon alive.
             The game lasted 00:02:54 (1351 turns).

Peloso the Shield-Bearer (Minotaur Fighter)         Turns: 1351, Time: 00:02:55

Health: 40/40      AC:  7    Str: 18    XL:     4   Next: 79%
Magic:  3/3        EV:  7    Int:  5    God:
Gold:   117        SH:  9    Dex: 11    Spells: 3/3 levels left

rFire    . . .     SeeInvis .   a - +0 long sword
rCold    . . .     Gourm    .   c - +0 shield
rNeg     . . .     Faith    .   b - +0 scale mail
rPois    .         Spirit   .   (helmet restricted)
rElec    .         Reflect  .   (no cloak)
rCorr    .         Harm     .   (no gloves)
MR       .....                  (no boots)
Stlth    ..........             (no amulet)
HPRegen  0.13/turn              (no ring)
MPRegen  0.08/turn              (no ring)

@: no status effects
A: retaliatory headbutt, horns 2, weak 1, MP-powered wands
a: no special abilities


You escaped.
You were hungry.

You visited 1 branch of the dungeon, and saw 2 of its levels.

You collected 117 gold pieces.

Inventory:

Hand Weapons
 a - a +0 long sword (weapon)
Armour
 b - a +0 scale mail (worn)
 c - a +0 shield (worn)
Jewellery
 l - an uncursed ring of magical power
Scrolls
 g - a scroll of remove curse {unknown}
 h - a scroll of random uselessness {unknown}
 i - a scroll of fear {unknown}
 m - 2 scrolls of identify {unknown}
Potions
 d - a potion of might
 e - 3 potions of haste
Comestibles
 f - 6 rations


   Skills:
 + Level 4.1 Fighting
 + Level 3.7 Long Blades
 + Level 4.4 Armour
 + Level 0.4 Dodging
 + Level 5.0 Shields


You had 3 spell levels left.
You didn't know any spells.
Your spell library was empty.

Dungeon Overview and Level Annotations

Branches:
Dungeon (2/15)

Altars:


Innate Abilities, Weirdness & Mutations

You reflexively headbutt those who attack you in melee.
You have a pair of horns on your head.
You are weak. (Str -2)
You expend magic power (3 MP) to strengthen your wands.


Message History

A mysterious force pulls you upwards. The hatch slams shut behind you.
You see here a stone.
You flicker back into view.
Things that are here:
a +0 dagger; a goblin skeleton You see here a stone.
Your extra speed is starting to run out.
You feel yourself slow down.
(D) Dungeon
Where to? (? - help)
What level of the Dungeon? (default 1, ? - help)
You see here a +0 club.
Your magical contamination has completely faded away.
You see here a stone.
You see here a +0 club.
You see here a stone.
You are feeling hungry.
There is a staircase leading out of the dungeon here.
Are you sure you want to leave the Dungeon?
This will make you lose the game!
You have escaped!

#......###
#P...P#
###...#
#......#
##.(.##
###.#
########
#P...P#
#.#
##...##
#.#
#P...P#
#..
##...##
###
#P...P# #
##...##
#.@.#
#####


There were no monsters in sight!

Vanquished Creatures
  4 adders (D:2)
  A shadow imp (D:2)
  An ooze (D:2)
  3 dart slugs
  3 leopard geckos
  A ball python (D:1)
  12 bats
  A giant cockroach (D:1)
  8 goblins
  11 hobgoblins
  3 jackals (D:1)
  7 kobolds
  6 rats
61 creatures vanquished.

Notes
Turn   | Place    | Note
-------+----------+-------------------------------------------
     0 | D:1      | Peloso the Minotaur Fighter began the quest for the Orb.
     0 | D:1      | Reached XP level 1. HP: 19/19 MP: 0/0
    58 | D:1      | Reached XP level 2. HP: 19/27 MP: 1/1
    69 | D:1      | Reached skill level 4 in Shields
   142 | D:1      | Reached XP level 3. HP: 23/33 MP: 2/2
   564 | D:2      | Reached XP level 4. HP: 31/40 MP: 3/3
  1092 | D:2      | Reached skill level 5 in Shields
  1254 | D:2      | Gained mutation: You are weak. (Str -2) [potion of
                  | mutation]
  1254 | D:2      | Gained mutation: You expend magic power (3 MP) to
                  | strengthen your wands. [potion of mutation]
  1351 | D:$      | Got out of the dungeon alive.

Levels and vault maps discovered:
D:1:      minmay_arrival_plants_in_alcoves, layout_rooms
D:2:      layout_loops_cross, first_ration

Skill      XL: |  1  2  3  4 |
---------------+-------------+-----
Armour         | 4 |  4.4
Shields        | 4 5 |  5.0
Fighting       | 4 |  4.1
Long Blades    | 3 |  3.7
Dodging        | |  0.4

Action                   |  1- 3 |  4- 6 || total
-------------------------+-------+-------++-------
Melee: Long sword        |    73 |    26 ||    99
       Headbutt          |    10 |     8 ||    18
  Use: Potion            |       |     4 ||     4
  Eat: Chunk             |       |     1 ||     1
Armor: Scale mail        |    40 |    11 ||    51
Dodge: Dodged            |    32 |     3 ||    35
Block: Shield            |    72 |    13 ||    85
       Rpst.: Long sword |     6 |     1 ||     7
